 Dungeon Crawl Stone Soup version 0.24.0-13-gcf9b319 (webtiles) character file.

Game seed: 11211160204599458245, levelgen mode: deterministic

4388 shmeve the Cleaver (level 10, -2/93 HPs)
             Began as a Minotaur Berserker on Apr 10, 2020.
             Was a High Priest of Trog.
             Slain by a hell rat (13 damage)
             ... on level 8 of the Dungeon.
             The game lasted 00:09:32 (6644 turns).

shmeve the Cleaver (Minotaur Berserker)             Turns: 6644, Time: 00:09:32

Health: -2/93      AC: 12    Str: 25    XL:     10   Next: 13%
Magic:  9/9        EV: 10    Int:  4    God:    Trog [*****.]
Gold:   468        SH:  0    Dex: 10    Spells: 9/9 levels left

rFire    . . .     SeeInvis .   g - +0 hand axe (vamp)
rCold    . . .     Gourm    .   (no shield)
rNeg     . . .     Faith    .   o - +0 chain mail
rPois    .         Spirit   .   (helmet restricted)
rElec    .         Reflect  .   (no cloak)
rCorr    .         Harm     .   s - +0 pair of gloves
MR       ++...                  d - +0 pair of boots
Stlth    ..........             (no amulet)
HPRegen  1.25/turn              (no ring)
MPRegen  0.11/turn              (no ring)

@: berserk cooldown, flying, regenerating, slowed, drained, very slow
A: retaliatory headbutt, horns 2
a: Berserk, Trog's Hand, Brothers in Arms, Renounce Religion


You were on level 8 of the Dungeon.
You worshipped Trog.
Trog was extremely pleased with you.
You were not hungry.

You visited 1 branch of the dungeon, and saw 8 of its levels.
You also visited: Ossuary.

You collected 468 gold pieces.

Inventory:

Hand Weapons
 g - a +0 vampiric hand axe (weapon)
Missiles
 r - 20 boomerangs (quivered)
Armour
 d - a +0 pair of boots (worn)
 o - a +0 chain mail (worn)
 s - a +0 pair of gloves (worn)
Jewellery
 w - an uncursed ring of wizardry {unknown}
Wands
 y - a wand of disintegration (19)
 B - a wand of flame (23)
Scrolls
 f - 4 scrolls of teleportation {unknown}
 m - 2 scrolls of immolation {unknown}
 n - 7 scrolls of identify
 p - 2 scrolls of amnesia {unknown}
 t - 2 scrolls of random uselessness {unknown}
 v - 2 scrolls of magic mapping {unknown}
 x - 3 scrolls of remove curse {unknown}
 A - a scroll of enchant armour {unknown}
Potions
 a - a potion of haste {unknown}
 b - a potion of cancellation {unknown}
 e - 2 potions of might {unknown}
 h - 5 potions of degeneration {unknown}
 i - 4 potions of ambrosia {unknown}
 j - 2 potions of invisibility {unknown}
 k - 2 potions of brilliance {unknown}
 l - 3 potions of flight
 q - 3 potions of agility {unknown}
 u - a potion of berserk rage {unknown}
 z - 3 potions of heal wounds {unknown}
 C - 3 potions of curing {unknown}
 D - 2 potions of lignification {unknown}
 E - a potion of mutation {unknown}
Comestibles
 c - 16 rations


   Skills:
 * Level 10.1(9.0) Fighting
 * Level 10.1(9.0) Axes
 + Level 5.4(4.4) Throwing
 + Level 7.2(6.2) Armour
 + Level 6.4(5.4) Dodging


You had 9 spell levels left.
You didn't know any spells.
Your spell library was empty.

Dungeon Overview and Level Annotations

Branches:
Dungeon (8/15)             Temple (0/1) D:7            Lair (0/6) D:8
Ossuary (visited)

Altars:
Fedhas
Gozag
Qazlal


Innate Abilities, Weirdness & Mutations

You reflexively headbutt those who attack you in melee.
You have a pair of horns on your head.


Message History

The hell rat bites you.
* * * LOW HITPOINT WARNING * * *
You feel drained. The hell rat bites you!
* * * LOW HITPOINT WARNING * * *
You feel drained.
* * * LOW HITPOINT WARNING * * *
Your skin crawls.
You feel resistant to hostile enchantments.
You feel quite a bit more hungry. The hell rat closely misses you.
The hell rat bites you but does no damage.
It was a potion of flight.
You feel very buoyant.
You fly up into the air.
The bullfrog skeleton hits you but does no damage.
The hell rat barely misses you.
The bullfrog skeleton barely misses you.
You completely miss the hell rat.
The hell rat is heavily wounded.
You slash the bullfrog skeleton! The hell rat bites you!
You die...

...# ...# #......... ##.#
##....#.... #### #.........#
## #.......... .##
#.....>.... §§## #..........
≈§.## #..Zr...... §§^.##
#††@....... _≈...##
#..†.......
.#^#..########..##......
.≈.....##...............
....#..#........###..##.
.P.###...............#
.P.#......#..........# ..#
_PP.......##....####.. ...#
PPP.......###...##..........#


You could see a hell rat and a bullfrog skeleton.

Vanquished Creatures
  3 death yaks (D:8)
  A hippogriff (D:7)
  A spriggan (D:7)
  A wyvern (D:8)
  3 porcupines (D:8)
  An orc warrior (D:7)
  An ice beast (D:5)
  A phantom (D:5)
  2 bullfrogs (D:8)
  A scorpion (D:6)
  4 wights (D:7)
  3 howler monkeys
  6 crimson imps
  A jelly (D:8)
  6 orc wizards
  4 hounds
  3 orc priests
  A centaur skeleton (D:4)
  2 iguanas
  2 hell rats (D:8)
  A worker ant (D:4)
  A big kobold zombie (Ossuary)
  4 mummies
  3 gnolls (D:6)
  A howler monkey skeleton (D:7)
  10 adders
  2 shadow imps
  2 oozes
  An adder skeleton (D:7)
  A worm (D:2)
  5 dart slugs
  3 leopard geckos
  23 orcs
  6 giant cockroaches
  3 goblins (D:1)
  6 hobgoblins
  9 jackals
  4 kobolds
  6 quokkas
  2 ball pythons
  7 bats
  6 frilled lizards
  8 goblin zombies (Ossuary)
  2 hobgoblin zombies (Ossuary)
  A jackal zombie (D:5)
  4 kobold zombies (Ossuary)
  2 leopard gecko skeletons
  2 quokka zombies (Ossuary)
  9 rats
  A rat zombie (Ossuary)
182 creatures vanquished.

Vanquished Creatures (others)
  A rat (D:2)
1 creature vanquished.

Grand Total: 183 creatures vanquished

Notes
Turn   | Place    | Note
-------+----------+-------------------------------------------
     0 | D:1      | shmeve the Minotaur Berserker began the quest for the Orb.
     0 | D:1      | Reached XP level 1. HP: 19/19 MP: 0/0
   465 | D:1      | Reached XP level 2. HP: 20/27 MP: 1/1
  1422 | D:2      | Reached XP level 3. HP: 22/33 MP: 2/2
  1526 | D:2      | Reached ** piety under Trog
  1842 | D:2      | You fall into a shaft and drop 2 floors!
  1942 | D:4      | Reached skill level 1 in Throwing
  1942 | D:4      | Reached XP level 4. HP: 41/41 MP: 3/3
  1997 | D:4      | Reached XP level 5. HP: 43/47 MP: 4/4
  2077 | D:3      | Reached skill level 5 in Fighting
  2082 | D:3      | Reached skill level 5 in Axes
  2148 | D:3      | Reached XP level 6. HP: 56/56 MP: 5/5
  2389 | D:3      | Reached *** piety under Trog
  3156 | D:5      | Entered Level 5 of the Dungeon
  3168 | D:5      | Reached XP level 7. HP: 61/63 MP: 6/6
  3210 | D:5      | Found an opulent altar of Gozag.
  3569 | D:5      | Found an opulent altar of Gozag.
  4244 | D:6      | Reached XP level 8. HP: 70/71 MP: 7/7
  4902 | D:7      | Reached **** piety under Trog
  5031 | D:7      | Reached skill level 5 in Armour
  5266 | D:7      | Noticed a hippogriff
  5283 | D:7      | Killed a hippogriff
  5396 | D:7      | Reached skill level 5 in Dodging
  5433 | D:7      | Found a staircase to the Ecumenical Temple.
  5896 | D:8      | Received a gift from Trog
  5896 | D:8      | Reached XP level 9. HP: 68/82 MP: 8/8
  5963 | D:8      | Found a sand-covered staircase.
  5979 | Ossuary  | Entered an ossuary
  6273 | Ossuary  | Reached ***** piety under Trog
  6286 | Ossuary  | Received a gift from Trog
  6430 | D:8      | Found a blossoming altar of Fedhas.
  6445 | D:8      | Found a stormy altar of Qazlal.
  6606 | D:8      | Noticed a death yak
  6607 | D:8      | Found a staircase to the Lair.
  6615 | D:8      | Killed a death yak
  6616 | D:8      | Noticed a death yak
  6616 | D:8      | Noticed a death yak
  6626 | D:8      | Killed a death yak
  6626 | D:8      | Reached skill level 5 in Throwing
  6635 | D:8      | Killed a death yak
  6635 | D:8      | Reached skill level 10 in Fighting
  6635 | D:8      | Reached skill level 10 in Axes
  6635 | D:8      | Reached XP level 10. HP: 43/93 MP: 9/9
  6644 | D:8      | Slain by a hell rat

Levels and vault maps discovered:
D:1:      lemuel_arrival_rhombus, layout_basic, grunt_decor_arrowhead
D:2:      layout_loops_ring, grunt_temple_overflow_holy_war,
          gammafunk_temple_overflow_statue, hangedman_decor_riveting
D:3:      layout_basic, kennysheep_generic_room_13
D:4:      layout_loops_cross, first_ration, kennysheep_generic_room_14
D:5:      layout_loops_ring, basic_altar, nicolae_gozag_seed_capital
D:6:      layout_loops_corners, nrook_campfire
D:7:      layout_loops_corners, minmay_temple_entry_offerings, the_bakery
D:8:      layout_cave_pods, grunt_temple_overflow_forces_of_nature,
          dpeg_lair_monsters, nicolae_ossuary_entry_giza,
          minmay_misc_feat_more_columns, minmay_liquid_box

Skill      XL: |  1  2  3  4  5  6  7  8  9 |
---------------+----------------------------+-----
Fighting       | 4 5 6 8 10 | 10.1
Axes           | 4 5 6 8 10 | 10.1
Throwing       | 1 2 3 4 5 |  5.4
Armour         | 3 4 5 7 |  7.2
Dodging        | 3 4 5 6 |  6.4

Action                   |  1- 3 |  4- 6 |  7- 9 | 10-12 || total
-------------------------+-------+-------+-------+-------++-------
Melee: Hand axe          |    92 |   136 |   292 |     6 ||   526
       Headbutt          |     9 |    25 |    74 |     1 ||   109
Throw: Boomerang         |       |     5 |       |       ||     5
Invok: Berserk           |       |     2 |     2 |       ||     4
       Trog's Hand       |       |     1 |       |     1 ||     2
  Use: Scroll            |       |       |     2 |       ||     2
       Potion            |       |       |       |     1 ||     1
  Eat: Chunk             |     3 |     6 |    11 |       ||    20
       Ration            |       |       |     1 |       ||     1
Armor: Animal skin       |    24 |       |       |       ||    24
       Chain mail        |       |    81 |   107 |     3 ||   191
Dodge: Dodged            |    61 |    62 |   152 |     5 ||   280
